Map: Piaskowy Wąwóz

Players

Hamster

  • Race: Protoss Protoss
  • Spawn Location: 3:00

jegul

  • Race: Terran Terran
  • Spawn Location: 5:00

Legol - Winner!

  • Race: Protoss Protoss
  • Spawn Location: 11:00

Alien - Winner!

  • Race: Zerg Zerg
  • League: Gold
  • Spawn Location: 9:00

VOD

Have the link to the VOD?

Description

Time

  • Played on: Dec. 26, 2019, 2:11 p.m.
  • Length: 5:27
Show
View Real Time Build Order
Export as new Build Order

Hamster Protoss 

Build Orders: 1 Gate Expand 

Get SALT Encoding   

  12  0:03  Probe  
  13  0:15  Probe  
  13  0:19  Pylon  
  14  0:27  Probe  
  15  0:33  Assimilator  
  15  0:43  Gateway  
  15  0:47  Probe  
  16  1:00  Probe  
  17  1:12  Probe  
  18  1:39  Nexus  
  18  1:43  Cybernetics Core  
  18  1:45  Probe (Chrono Boost)  
  19  1:51  Zealot  
  21  1:59  Probe (Chrono Boost)  
  22  2:07  Assimilator  
  22  2:13  Probe  
  23  2:20  Pylon  
  23  2:25  Twilight Council  
  23  2:38  Gateway  
  23  2:41  Probe (Chrono Boost)  
  24  2:51  Probe (Chrono Boost)  
  25  2:54  Probe (Chrono Boost)  
  25  2:56  Probe (Chrono Boost)  
  27  2:59  Zealot  
  27  3:00  Warp Gate (Chrono Boost)  
  27  3:04  Probe  
  30  3:07  Charge (Chrono Boost)  
  30  3:17  Probe (Chrono Boost)  
  31  3:26  Probe x2 (Chrono Boost)  
  33  3:28  Zealot  
  33  3:32  Zealot  
  37  3:51  Probe  
  38  4:30  Pylon  
  38  4:36  Stalker x2  
Show
View Real Time Build Order
Export as new Build Order

jegul Terran 

Build Orders:  

Get SALT Encoding   

  12  0:01  SCV  
  13  0:13  SCV  
  14  0:19  Supply Depot  
  14  0:25  SCV  
  15  0:33  Refinery  
  15  0:40  Refinery  
  15  0:41  SCV  
  16  0:59  Supply Depot  
  16  1:02  SCV  
  17  1:14  Barracks, SCV  
  18  1:29  SCV  
  19  1:41  SCV  
  19  1:42  Supply Depot  
  20  1:53  SCV  
  21  2:04  Reaper  
  21  2:05  SCV  
  23  2:14  Factory  
  23  2:17  SCV  
  24  2:29  SCV  
  25  2:37  Marine  
  26  2:55  Orbital Command  
  26  2:59  Hellion  
  26  3:04  Starport  
  28  3:42  Hellion  
  28  3:45  Starport Tech Lab  
  30  3:49  Fusion Core, Starport  
  30  3:52  Engineering Bay  
  30  4:02  Marine  
  31  4:14  Starport  
  31  4:15  Starport Tech Lab  
  30  4:29  Missile Turret  
  30  4:31  Supply Depot  
  29  4:53  Supply Depot  
Show
View Real Time Build Order
Export as new Build Order

Legol Protoss - Winner!

Build Orders: Oracle Opening 

Get SALT Encoding   

  12  0:00  Probe  
  13  0:13  Probe  
  14  0:19  Pylon  
  14  0:25  Probe  
  15  0:38  Probe (Chrono Boost)  
  16  0:44  Gateway  
  17  0:50  Probe (Chrono Boost)  
  17  0:57  Probe (Chrono Boost)  
  17  1:00  Assimilator  
  18  1:10  Probe (Chrono Boost)  
  19  1:20  Probe (Chrono Boost)  
  19  1:25  Probe (Chrono Boost)  
  20  1:32  Cybernetics Core  
  21  1:37  Pylon  
  21  1:46  Assimilator  
  21  1:47  Probe  
  22  1:59  Probe  
  23  2:08  Stalker (Chrono Boost)  
  23  2:15  Warp Gate  
  25  2:17  Probe  
  26  2:25  Pylon  
  27  2:30  Probe  
  27  2:41  Stargate  
  27  2:42  Probe  
  28  2:46  Nexus  
  28  2:59  Stalker  
  28  3:05  Probe  
  31  3:40  Probe  
  32  3:41  Oracle (Chrono Boost)  
  35  3:52  Probe  
  36  3:56  Forge  
  36  4:01  Pylon  
  36  4:03  Stalker  
  36  4:05  Pylon  
  36  4:07  Probe (Chrono Boost)  
  39  4:10  Pylon, Probe (Chrono Boost)  
  41  4:20  Probe (Chrono Boost)  
  41  4:21  Probe (Chrono Boost)  
  42  4:25  Probe (Chrono Boost)  
  42  4:29  Probe  
  42  4:30  Photon Cannon  
  44  4:34  Photon Cannon  
  44  4:37  Probe  
  44  4:38  Photon Cannon  
  45  4:41  Probe, Photon Cannon  
  46  4:49  Probe  
  47  4:53  Probe  
  48  5:04  Stalker  
  50  5:17  Gateway x2  
  50  5:19  Gateway  
  50  5:22  Gateway  
Show
View Real Time Build Order
Export as new Build Order

Alien Zerg - Winner!

Build Orders: Hatch First 

Get SALT Encoding   

  12  0:02  Drone  
  13  0:10  Drone  
  14  0:39  Hatchery  
  14  0:40  Drone  
  14  0:48  Overlord  
  14  1:08  Spawning Pool  
  14  1:10  Extractor  
  13  1:11  Drone  
  13  1:15  Drone  
  14  1:19  Drone  
  15  1:30  Drone  
  16  1:37  Drone  
  17  1:47  Drone, Extractor  
  17  1:54  Drone  
  17  1:57  Queen  
  17  1:59  Drone  
  21  2:04  Drone  
  21  2:07  Zergling x2  
  23  2:14  Drone  
  24  2:21  Lair  
  24  2:23  Drone  
  25  2:32  Drone  
  27  2:37  Drone  
  27  2:38  Overlord  
  27  2:40  Drone  
  28  2:55  Metabolic Boost  
  28  2:57  Queen  
  30  2:59  Drone  
  30  3:05  Zergling x2  
  32  3:06  Drone  
  33  3:16  Zergling x2  
  34  3:34  Zergling x4  
  34  3:39  Nydus Network  
  35  3:43  Zergling x2  
  35  3:45  Overlord x3  
  36  3:57  Hydralisk Den  
  36  3:59  Zergling x2  
  36  4:00  Overlord  
  36  4:04  Extractor  
  36  4:07  Zergling x4  
  36  4:08  Zergling x2  
  36  4:09  Zergling x2  
  39  4:13  Zergling x2  
  40  4:19  Zergling x2  
  40  4:21  Zergling x6  
  44  4:27  Nydus Canal  
  44  4:32  Hydralisk  
  46  4:42  Zergling x2  
  46  4:45  Hydralisk  
  47  4:50  Hydralisk  
  49  5:01  Hydralisk  
  49  5:03  Overlord x2  
Tags
 
Add a new tag
Caveats
  • Supply blocks, unpowered buildings, or Contaminate may cause inaccurate times.
  • Supply counts are checked every 10 seconds.